 Dungeon Crawl Stone Soup version 0.31.0-32-g396128a36d (webtiles) character file.

Game seed: 4651763269217458651

488 mainiacjoe the Sneak (level 7, -3/46 HPs)
             Began as an Octopode Conjurer on Mar 23, 2024.
             Shot with an arrow by a centaur (13 damage)
             ... on level 4 of the Dungeon on Mar 24, 2024.
             The game lasted 00:12:09 (4891 turns).

mainiacjoe the Sneak (Octopode Conjurer)            Turns: 4891, Time: 00:12:10

Health: -3/46      AC:  1    Str:  6    XL:     7   Next: 13%
Magic:  6/11       EV: 13    Int: 25    God:
Gold:   212        SH:  0    Dex: 11    Spells: 9/12 levels left

rFire   + + .        a - +11 dagger of Aliq {pain, Fly rF+ Int+3}
rCold   . . .        (no shield)
rNeg    . . .        (helmet restricted)
rPois   .            (no amulet)
rElec   .            m - ring of protection from fire
rCorr   .            (no ring)
SInv    .            (no ring)
Will    .....        (no ring)
Stlth   ++++         (no ring)
HPRegen 0.27/turn    (no ring)
MPRegen 0.12/turn    (no ring)
                     (no ring)

%: no passive effects
@: flying, invisible
A: almost no armour, amphibious, 8 rings, camouflage 1, gelatinous body 1,
(nimble swimmer 1), tentacles
a: no special abilities


You were on level 4 of the Dungeon.
You visited 1 branch of the dungeon, and saw 4 of its levels.

You collected 212 gold pieces.

Inventory:

Hand Weapons
 a - the +11 dagger of Aliq (weapon) {pain, Fly rF+ Int+3}
   (You found it on level 2 of the Dungeon)

   Int+3:     It affects your intelligence (+3).
   rF+:       It protects you from fire.
   Fly:       It grants you flight.
 c - a +0 dagger
 h - a +1 short sword
 j - the +5 dagger of Untruth {venom, rN+++ rCorr Str-2}
   (You found it on level 2 of the Dungeon)

   Str-2:     It affects your strength (-2).
   rN+++:     It renders you almost immune to negative energy.
   rCorr:     It protects you from acid and corrosion.
Missiles
 b - 5 atropa-tipped darts {=F}
 f - 22 stones
 i - 13 poisoned darts
Jewellery
 m - a ring of protection from fire (left tentacle)
Wands
 k - a wand of mindburst (2)
Potions
 d - a potion of lignification
 e - 2 potions of magic
 l - a potion of curing {unknown}
 n - a potion of haste {unknown}
 o - a potion of attraction {unknown}


   Skills:
 - Level 3.0 Fighting
 + Level 2.1 Short Blades
 - Level 2.0 Dodging
 - Level 6.0 Stealth
 - Level 3.0 Spellcasting
 + Level 5.6 Conjurations


You had 9 spell levels left.
You knew the following spells:

 Your Spells              Type           Power      Damage    Failure   Level
a - Magic Dart            Conj           100%       1d8       1%          1
b - Searing Ray           Conj           62%        2d6       1%          2

Your spell library contained the following spells:

 Spells                   Type           Power      Damage    Failure   Level
 Static Discharge         Conj/Air       34%        3-5/arc   4%          2
 Necrotise                Necr           12%        1d4       10%         1
 Vampiric Draining        Necr           3%         2d6       30%         3
 Fulminant Prism          Conj/Alch      8%         3d7       32%         4
 Iskenderun's Mystic Bla  Conj/Tloc      17%        2d5       32%         4
 Airstrike                Air            1%         2d(1-17)  69%         4
 Martyr's Knell           Necr/Summ      3%         N/A       69%         4
 Summon Lightning Spire   Summ/Air       3%         N/A       69%         4
 Curse of Agony           Necr           3%         N/A       95%         5


Dungeon Overview and Level Annotations

Branches:
Dungeon (4/15)
 Temple: D:4-7

Altars:

Shops:
D:4 :

Annotations:
D:4 Menkaure


Innate Abilities, Weirdness & Mutations

You cannot wear most types of armour.
You are amphibious.
You can wear up to eight rings at the same time.
Your skin changes colour to match your surroundings (Stealth+).
Your rubbery body absorbs attacks. (AC +1, EV +1)
((You are camouflaged when in or above water. (Stealth+)))
You have tentacles for arms and can constrict up to eight enemies at once.


Message History

The kobold shouts!
Casting: Magic Dart (safe; 1% risk of failure)
Confirm with . or Enter, or press ? or * to list all spells.
Aiming: Magic Dart (safe; 1% risk of failure)
Press: ? - help, Shift-Dir - straight line, f/p - kobold
Aim: a kobold, wielding a +0 dagger and quivering stones (100% to hit)
The magic dart hits the kobold.
The kobold is moderately wounded.
The kobold throws a stone.
The stone barely misses you.
A centaur comes into view.
The kobold throws a stone.
The stone hits you.
The centaur shouts!
The centaur wields a +0 orcbow.
The centaur shoots an arrow.
The arrow hits you!
The kobold throws a stone.
The stone hits you.
You hear a shout!
Casting: Magic Dart (safe; 1% risk of failure)
Confirm with . or Enter, or press ? or * to list all spells.
Aiming: Searing Ray (safe; 1% risk of failure)
Press: ? - help, Shift-Dir - straight line, f/p - kobold
Aim: a kobold, wielding a +0 dagger and quivering stones (moderately wounded, 74% to hit)
The searing ray hits the kobold.
You kill the kobold!
The searing ray hits the centaur but does no damage. (Press . to maintain the ray.)
The centaur shoots an arrow.
The arrow hits you!
The searing ray hits the centaur!
The centaur is heavily wounded.
The centaur shoots an arrow.
The arrow hits you!
* * * LOW HITPOINT WARNING * * *
Menkaure, Prince of Dust comes into view.
The searing ray hits the centaur but does no damage.
The centaur is heavily wounded.
The centaur shoots an arrow.
The arrow closely misses you.
You fade into invisibility!
The centaur shoots an arrow.
The arrow barely misses you.
The centaur shoots an arrow.
The arrow closely misses you.
The centaur shoots an arrow.
The arrow closely misses you.
The centaur shoots an arrow.
The arrow barely misses you.
The centaur shoots an arrow.
The arrow hits you!
You die...

. #..........# .
#.....>....#
##########.# #.# #.#
###.#### . #......#
..$)##########......#
#.M..c...@........#
.....#########......#
..# ########


You could see Menkaure and a centaur (unable to see you).

Vanquished Creatures
  A water moccasin (D:3)
  A scorpion (D:4)
  A bombardier beetle (D:4)
  An orc priest (D:3)
  Natasha (thrice) (D:2)
  3 gnolls (D:2)
  6 adders
  An adder zombie (D:2)
  2 dart slugs
  2 ribbon worms (D:3)
  8 orcs
  4 bats
  7 endoplasms
  2 giant cockroaches (D:1)
  6 goblins
  9 hobgoblins
  7 jackals (D:2)
  8 kobolds
  3 quokkas (D:1)
  7 ball pythons
  2 ball python skeletons (D:2)
  2 ball python zombies (D:2)
  2 frilled lizards
  A quokka skeleton (D:2)
  2 rats (D:2)
91 creatures vanquished.

Notes
Turn   | Place    | Note
-------+----------+-------------------------------------------
     0 | D:1      | mainiacjoe the Octopode Conjurer began the quest for the
                  | Orb.
     0 | D:1      | Reached XP level 1. HP: 11/11 MP: 3/3
   210 | D:1      | Reached XP level 2. HP: 18/18 MP: 1/5
   263 | D:1      | Reached skill level 3 in Stealth
   322 | D:1      | Learned a level 2 spell: Searing Ray
   883 | D:1      | Reached XP level 3. HP: 22/22 MP: 1/6
  1154 | D:1      | Found Tomexus's Armour Boutique.
  1372 | D:1      | Reached skill level 1 in Fighting
  2006 | D:2      | Reached XP level 4. HP: 28/28 MP: 4/7
  2356 | D:2      | Identified the +5 dagger of Untruth {venom, rN+++ rCorr
                  | Str-2}
  2506 | D:2      | Noticed Natasha
  2513 | D:2      | Killed Natasha
  2587 | D:2      | Identified the +11 dagger of Aliq {pain, Fly rF+ Int+3}
  2632 | D:2      | Reached skill level 4 in Stealth
  2632 | D:2      | Reached skill level 5 in Conjurations
  2632 | D:2      | Reached XP level 5. HP: 26/34 MP: 4/8
  2765 | D:2      | Noticed Natasha
  2767 | D:2      | Killed Natasha
  2806 | D:2      | Noticed Natasha
  2815 | D:2      | Killed Natasha
  3129 | D:3      | Noticed a water moccasin
  3136 | D:3      | Killed a water moccasin
  3137 | D:3      | Reached skill level 5 in Stealth
  3137 | D:3      | Reached XP level 6. HP: 33/42 MP: 3/10
  3692 | D:3      | Reached skill level 6 in Stealth
  4079 | D:3      | Reached skill level 1 in Short Blades
  4305 | D:3      | Found a faded altar of an unknown god.
  4515 | D:4      | Reached XP level 7. HP: 34/46 MP: 0/11
  4615 | D:4      | Found Zyxzed's Self-Published Books.
  4885 | D:4      | Noticed Menkaure
  4891 | D:4      | Shot with an arrow by a centaur

Illustrated notes

Levels and vault maps discovered:
D:1:      matt_arrival_spirals, layout_basic, serial_shops,
          nicolae_shop_tiny_real_fake_doors
D:2:      layout_basic, dilly_guarded_unrand_morg, uniq_natasha
D:3:      cheibrodos_pilgrimage, layout_basic, ebering_ecumenical_altar_ruins
D:4:      layout_rooms, nicolae_custom_books, uniq_grinder, uniq_menkaure

Skill      XL: |  1  2  3  4  5  6  7 |
---------------+----------------------+-----
Stealth        | 3 4 5 6 |  6.0
Fighting       | 1 3 |  3.0
Conjurations   | 5 |  5.6
Spellcasting   | 3 |  3.0
Short Blades   | 1 2 |  2.1
Dodging        | |  2.0

Action                     |  1- 3 |  4- 6 |  7- 9 || total
---------------------------+-------+-------+-------++-------
  Melee: Dagger            |     3 |    32 |     5 ||    40
         Tentacles         |     2 |     4 |       ||     6
         Constrict         |     1 |     9 |     1 ||    11
         Short sword       |     1 |       |       ||     1
         Punch             |       |     1 |       ||     1
   Cast: Magic Dart        |    38 |    52 |     4 ||    94
         Searing Ray       |    13 |    18 |     3 ||    34
    Use: Scroll            |     3 |     4 |     3 ||    10
         Potion            |       |       |     1 ||     1
   Stab: Sleeping          |       |     1 |       ||     1
 Armour: Skin              |     6 |    18 |     8 ||    32
  Dodge: Dodged            |    11 |    27 |    12 ||    50
